 Dungeon Crawl Stone Soup version 0.28-a0-503-g83f2989fac (webtiles) character file.

Game seed: 9120447348358201788

38421 wkkw the Geomancer (level 14, -1/129 HPs)
             Began as a Gargoyle Earth Elementalist on Sept 20, 2021.
             Was a Priest of Vehumet.
             Slain by a deep elf knight (4 damage)
             ... on level 14 of the Dungeon on Sept 21, 2021.
             The game lasted 00:46:34 (22532 turns).

wkkw the Geomancer (Gargoyle Earth Elementalist)   Turns: 22532, Time: 00:46:34

Health: -1/129     AC: 28    Str: 18    XL:     14   Next: 2%
Magic:  3/27       EV: 15    Int: 29    God:    Vehumet [***...]
Gold:   874        SH:  0    Dex: 14    Spells: 21/31 levels left

rFire   . . .      SeeInvis .   d - +1 flail (vorpal)
rCold   . . .      Faith    .   (no shield)
rNeg    + . .      Spirit   .   E - +4 robe of Augmentation {Str+4 Int+4 Dex+4}
rPois   ∞          Reflect  .   (no helmet)
rElec   +          Harm     .   b - +2 cloak
rCorr   .          Rampage  .   i - +1 pair of gloves
Will    +....                   v - +1 pair of boots
Stlth   ..........              (no amulet)
HPRegen 0.31/turn               l - +4 ring of protection
MPRegen 0.20/turn               m - +6 ring of intelligence

@: berserking (expiring), flying, very quick
A: sickness immunity, AC +10, big wings, negative energy resistance 1,
electricity resistance, torment resistance 1, petrification resistance
a: Renounce Religion


You were on level 14 of the Dungeon.
You worshipped Vehumet.
Vehumet was most pleased with you.
You visited 2 branches of the dungeon, and saw 16 of its levels.
You also visited: Ossuary.

You collected 1567 gold pieces.
You spent 693 gold pieces at shops.

Inventory:

Hand Weapons
 d - a +1 vorpal flail (weapon)
Missiles
 c - 292 stones (quivered)
 G - 4 throwing nets
Armour
 b - a +2 cloak (worn)
 i - a +1 pair of gloves (worn)
 r - a +2 robe of the Archmagi
 v - a +1 pair of boots (worn)
 E - the +4 robe of Augmentation (worn) {Str+4 Int+4 Dex+4}
   (You found it on level 6 of the Dungeon)

   Str:       It affects your strength (+4).
   Int:       It affects your intelligence (+4).
   Dex:       It affects your dexterity (+4).
 I - +0 steam dragon scales
 K - a scarf of invisibility
Jewellery
 h - a ring of protection from fire
 l - a +4 ring of protection (left hand)
 m - a +6 ring of intelligence (right hand)
 o - a ring of ice
 q - a ring of see invisible
 u - a ring of fire
Wands
 s - a wand of digging (13)
 y - a wand of flame (8)
Scrolls
 k - 3 scrolls of blinking
 n - 2 scrolls of teleportation
 x - a scroll of identify
 D - a scroll of amnesia
 F - a scroll of magic mapping
 J - 2 scrolls of immolation
Potions
 e - 5 potions of attraction
 f - 6 potions of curing
 g - a potion of lignification
 j - 4 potions of flight
 p - a potion of mutation
 t - a potion of brilliance
 w - a potion of resistance
 z - 2 potions of invisibility
 A - 4 potions of magic
 B - 3 potions of might
 C - a potion of haste


   Skills:
 + Level 9.1 Fighting
 + Level 8.2 Maces & Flails
 - Level 6.0 Armour
 + Level 7.2 Dodging
 - Level 2.1 Stealth
 + Level 9.1 Spellcasting
 + Level 10.1 Conjurations
 - Level 0.7 Transmutations
 + Level 11.9 Earth Magic
 + Level 7.6 Evocations


You had 21 spell levels left.
You knew the following spells:

 Your Spells              Type           Power      Damage    Failure   Level
a - Sandblast             Erth           100%       2d20      1%          1
b - Stone Arrow           Conj/Erth      100%       3d13      1%          3
d - Iron Shot             Conj/Erth      33%        9d7       1%          6

Your spell library contained the following spells:

 Spells                   Type           Power      Damage    Failure   Level
 Fulminant Prism          Conj/Hex       21%        3d13      1%          4
 Shock                    Conj/Air       100%       1d9       1%          1
 Passwall                 Tmut/Erth      40%        N/A       1%          2
 Scorch                   Fire           26%        2d6       1%          2
 Conjure Flame            Conj/Fire      42%        6-21      1%          3
 Dazzling Flash           Conj/Hex       84%        N/A       1%          3
 Flame Wave               Conj/Fire      42%        3d8       1%          4
 Sticky Flame             Conj/Fire      42%        2d6       1%          4
 Ignite Poison            Fire/Tmut/Pois 14%        N/A       3%          3
 Animate Armour           Summ/Erth      94%        N/A       3%          4
 Petrify                  Tmut/Erth      49%        N/A       3%          4
 Lightning Bolt           Conj/Air       21%        1d36      4%          5
 Ensorcelled Hibernation  Hex/Ice        26%        N/A       6%          2
 Slow                     Hex            13%        N/A       6%          2
 Spider Form              Tmut/Pois      7%         N/A       11%         3
 Confusing Touch          Hex            13%        N/A       12%         3
 Gell's Gravitas          Tloc           6%         N/A       12%         3
 Lesser Beckoning         Tloc           13%        N/A       12%         3
 Teleport Other           Tloc           13%        N/A       12%         3
 Tukima's Dance           Hex            13%        N/A       12%         3
 Vampiric Draining        Necr           6%         2d6       12%         3
 Blade Hands              Tmut           8%         N/A       63%         5
 Agony                    Necr           13%        N/A       75%         5
 Silence                  Hex/Air        6%         N/A       75%         5
 Summon Cactus Giant      Summ           6%         N/A       99%         6
 Ignition                 Fire           6%         3d4       100%        8


Dungeon Overview and Level Annotations

Branches:
Dungeon (15/15)            Temple (1/1) D:4            Lair (0/6) D:10
    Orc (0/2) D:11        Ossuary (visited)
 Vaults: D:13-14     Depths: D:15

Altars:
Ashenzari
Cheibriados
Dithmenos
Elyvilon
Fedhas
Gozag
Hepliaklqana
Kikubaaqudgha
Makhleb
Nemelex Xobeh
Okawaru
Qazlal
Ru
Sif Muna
Trog
Uskayaw
Vehumet
Wu Jian
Xom
Yredelemnul
Zin
The Shining One

Shops:
D:7 =   D:14 =*!

Annotations:
D:11 exclusion: orange crystal statue
D:14 2 transporters, exclusion: oklob plant, Joow's ghost, adept GrEE


Innate Abilities, Weirdness & Mutations

You are immune to sickness and miasma.
Your stone body is resilient. (AC +10)
You are immune to poison.
Your large and strong wings let you fly.
You resist negative energy. (rN+)
You are resistant to electric shocks. (rElec)
You are resistant to unholy torment.
You are immune to petrification.


Message History

Confirm with . or Enter, or press ? or * to list all spells.
Aiming: Sandblast (safe; 1% risk of failure)
Press: ? - help, Shift-Dir - straight line Something blocks the blast of sand.
c - 293 stones Something hits you.
Something barely misses you.
Casting: Sandblast (safe; 1% risk of failure)
Confirm with . or Enter, or press ? or * to list all spells.
Aiming: Sandblast (safe; 1% risk of failure)
Press: ? - help, Shift-Dir - straight line Something blocks the blast of sand.
c - 292 stones Something barely misses you.
Something blocks your attack. Something hits you.
Something hits you but does no damage. Something blocks your attack.
Something hits you.
* * * LOW HITPOINT WARNING * * *
You miss something. Something hits you.
* * * LOW HITPOINT WARNING * * *
Something hits you but does no damage.
You completely miss something. Something barely misses you.
Unknown command.
A red film seems to cover your vision as you go berserk!
You feel yourself moving faster!
You feel mighty! Something hits you!!
* * * LOW HITPOINT WARNING * * *
You miss something. You miss something. Something hits you but does no damage.
You miss something. You hit something. Something hits you but does no damage.
You bludgeon something!!
You hear some strange, mumbled words.
A lance of force appears from out of thin air!
The lance of force hits you!
* * * LOW HITPOINT WARNING * * *
You are knocked back by the lance of force.
You feel a strong urge to attack something.
You hear some strange, mumbled words.
Unknown command.
Something blocks your attack. Something hits you.
You die...

#.......#.###.## # ####
#.......#.# .#... #..#
#.......#.# . #.. #..#
#.......#†# .G . #..#
#.......#.#############..#
#.......#.........#......#
#.......#.........#......#
#.......'.........#......#
#.......#@........'......#
#.......#.........#......#
#.......#.....##..########
#.......#.....##'####.....
#.......#......#....#..###
#.......#......+....#..# #
#...†...#......#....'..# #
#....##.#......#....#..# #
#.......#...)..#....#..###


There were no monsters in sight!

Vanquished Creatures
  A great orb of eyes (D:14)
  2 boulder beetles
  Harold (D:8)
  Erolcha (D:13)
  2 centaur warriors (D:14)
  A catoblepas (D:13)
  Erica (D:11)
  6 two-headed ogres
  A dancing weapon (D:13)
  2 tengu warriors
  2 deep elf pyromancers
  7 ugly things
  A wolf spider (D:14)
  6 cyclopes
  A spectral centaur (D:11)
  3 manticores
  A moth of wrath (D:14)
  The ghost of TZer0 the Cleaver, a novice VSFi (D:6)
  Maggie (D:8)
  A gargoyle (D:14)
  4 centaur skeletons (D:11)
  3 efreet
  2 komodo dragons
  3 freezing wraiths
  A demonic crawler (D:14)
  3 tengu conjurers
  2 kobold demonologists (D:12)
  5 trolls
  3 meliai (D:15)
  A tyrant leech (D:14)
  A hornet (D:8)
  7 slime creatures
  Prince Ribbit (D:6)
  A water elemental (D:14)
  Sigmund (D:6)
  A yak (shapeshifter) (D:14)
  A vampire (D:13)
  2 wraiths
  13 yaks
  A basilisk (D:14)
  8 vampire mosquitoes
  A steam dragon (D:9)
  Menkaure (Ossuary)
  3 swamp worms (D:14)
  2 acid dragons
  A black bear (D:4)
  9 orc warriors
  4 ice beasts (D:6)
  5 ogres
  5 necrophages
  8 centaurs
  A kobold brigand (D:12)
  A bullfrog (D:8)
  5 scorpions
  A water moccasin zombie (D:6)
  A hornet simulacrum (D:6)
  2 water moccasin skeletons
  11 killer bees (D:8)
  3 howler monkeys
  3 centaur zombies
  A bullfrog zombie (D:6)
  2 hounds
  5 orc priests
  A jelly (D:4)
  2 bullfrog skeletons
  3 iguanas
  9 orc wizards
  A centaur simulacrum (D:6)
  3 mummies (Ossuary)
  A howler monkey skeleton (D:7)
  7 adders
  A shadow imp (D:8)
  4 white imps
  An ufetubus (D:5)
  2 worms (D:2)
  2 dart slugs
  45 orcs
  7 endoplasms
  4 giant cockroaches
  8 goblins
  6 hobgoblins
  8 kobolds
  6 quokkas
  A ball python (D:2)
  6 bats
  6 frilled lizards
  6 gnoll skeletons (Ossuary)
  3 gnoll zombies (Ossuary)
  5 goblin skeletons (Ossuary)
  2 goblin zombies (Ossuary)
  3 hobgoblin skeletons (Ossuary)
  2 hobgoblin zombies (Ossuary)
  2 kobold skeletons (Ossuary)
  7 kobold zombies (Ossuary)
  5 orc skeletons (Ossuary)
  5 orc zombies (Ossuary)
  2 rats (D:3)
  4 rat skeletons (Ossuary)
  6 rat zombies (Ossuary)
367 creatures vanquished.

Vanquished Creatures (others)
  A butterfly (D:15)
  13 plants
14 creatures vanquished.

Grand Total: 381 creatures vanquished

Notes
Turn   | Place    | Note
-------+----------+-------------------------------------------
     0 | D:1      | wkkw the Gargoyle Earth Elementalist began the quest for
                  | the Orb.
     0 | D:1      | Reached XP level 1. HP: 10/10 MP: 3/3
   571 | D:1      | Reached skill level 4 in Earth Magic
   571 | D:1      | Reached XP level 2. HP: 15/15 MP: 5/5
  1842 | D:2      | Found a faded altar of an unknown god.
  1926 | D:2      | Reached XP level 3. HP: 16/19 MP: 6/6
  1939 | D:2      | Learned a level 3 spell: Stone Arrow
  2282 | D:2      | Reached skill level 1 in Conjurations
  2284 | D:2      | Reached XP level 4. HP: 22/24 MP: 8/8
  3606 | D:3      | Noticed a scorpion
  3614 | D:3      | Killed a scorpion
  3615 | D:3      | Reached skill level 5 in Earth Magic
  3615 | D:3      | Reached XP level 5. HP: 13/28 MP: 6/10
  3980 | D:4      | Found a shadowy altar of Dithmenos.
  4487 | D:4      | Found a staircase to the Ecumenical Temple.
  4520 | Temple   | Entered the Ecumenical Temple
  4838 | D:4      | You fall into a shaft and drop 3 floors!
  4888 | D:6      | Noticed an ice beast
  4888 | D:6      | Noticed an ice beast
  4890 | D:6      | Noticed TZer0's ghost (novice VSFi)
  4891 | D:6      | Noticed an ice beast
  4895 | D:5      | Entered Level 5 of the Dungeon
  4912 | D:5      | Reached XP level 6. HP: 32/32 MP: 5/11
  4982 | D:5      | Noticed a necrophage
  4995 | D:5      | Killed a necrophage
  4996 | D:5      | Reached skill level 6 in Earth Magic
  5005 | D:5      | Found a sand-covered staircase.
  5011 | Ossuary  | Entered an ossuary
  5394 | Ossuary  | Reached XP level 7. HP: 36/36 MP: 13/13
  5509 | Ossuary  | Noticed Menkaure
  5521 | Ossuary  | Killed Menkaure
  5798 | D:5      | Learned a level 6 spell: Iron Shot
  5886 | D:4      | Gained mutation: Your spells are a little harder to cast,
                  | but a little more powerful. [potion of mutation]
  5886 | D:4      | Lost mutation: Your spells are a little harder to cast, but
                  | a little more powerful. [potion of mutation]
  5913 | D:4      | Found a glowing golden altar of the Shining One.
  5967 | D:4      | Found a sparkling altar of Nemelex Xobeh.
  6442 | D:5      | Found a glowing silver altar of Zin.
  6584 | D:5      | Reached skill level 7 in Earth Magic
  6681 | D:5      | Reached skill level 1 in Fighting
  6681 | D:5      | Reached skill level 1 in Armour
  6681 | D:5      | Reached XP level 8. HP: 34/43 MP: 11/15
  6863 | D:5      | Reached skill level 1 in Maces & Flails
  6863 | D:5      | Reached skill level 5 in Spellcasting
  7069 | D:5      | Reached skill level 1 in Evocations
  7386 | D:6      | Found a runed translucent gate.
  7387 | D:6      | Found a runed translucent gate.
  7388 | D:6      | Found a runed translucent gate.
  7446 | D:6      | Reached skill level 5 in Conjurations
  7781 | D:6      | Noticed Sigmund
  7787 | D:6      | Killed Sigmund
  7953 | D:6      | Noticed a wraith
  7959 | D:6      | Killed a wraith
  8048 | D:6      | Reached XP level 9. HP: 11/49 MP: 14/17
  8750 | D:6      | Noticed Prince Ribbit
  8759 | D:6      | Killed Prince Ribbit
  9301 | D:6      | Found a shimmering blue altar of Sif Muna.
  9306 | D:6      | Reached skill level 8 in Earth Magic
  9477 | D:6      | Found the +4 robe of Augmentation {Str+4 Int+4 Dex+4}
  9649 | D:6      | Killed TZer0's ghost
  9950 | D:7      | Found Poum's Jewellery Shop.
 10052 | D:7      | Reached XP level 10. HP: 56/56 MP: 12/19
 10530 | D:7      | Found a snail-covered altar of Cheibriados.
 10720 | D:7      | Found a radiant altar of Vehumet.
 10792 | D:7      | Became a worshipper of Vehumet
 11303 | D:8      | Noticed Harold
 11313 | D:8      | Killed Harold
 11973 | D:8      | Noticed Maggie
 11979 | D:8      | Killed Maggie
 11980 | D:8      | Reached skill level 5 in Fighting
 12084 | D:8      | Noticed a deep elf pyromancer
 12089 | D:8      | Killed a deep elf pyromancer
 12089 | D:8      | Reached * piety under Vehumet
 12089 | D:8      | Offered knowledge of Foxfire by Vehumet.
 12090 | D:8      | Reached skill level 5 in Armour
 12090 | D:8      | Reached skill level 9 in Earth Magic
 12237 | D:8      | Found a shimmering blue altar of Sif Muna.
 12758 | D:9      | Noticed a two-headed ogre
 12763 | D:9      | Killed a two-headed ogre
 12764 | D:9      | Reached XP level 11. HP: 64/64 MP: 4/21
 12942 | D:9      | Reached skill level 5 in Maces & Flails
 13632 | D:10     | Entered Level 10 of the Dungeon
 13784 | D:10     | Noticed a two-headed ogre
 13788 | D:10     | Killed a two-headed ogre
 14414 | D:10     | Found a white marble altar of Elyvilon.
 14778 | D:10     | Found a staircase to the Lair.
 14796 | D:10     | Reached skill level 5 in Evocations
 14972 | D:11     | Noticed a brown ugly thing
 14976 | D:11     | Killed a brown ugly thing
 14977 | D:11     | Reached skill level 5 in Dodging
 15153 | D:11     | Noticed an orange crystal statue
 15169 | D:11     | Noticed a manticore
 15170 | D:11     | Noticed a cyclops
 15186 | D:11     | Killed a manticore
 15202 | D:11     | Killed a cyclops
 15203 | D:11     | Reached skill level 10 in Earth Magic
 15420 | D:11     | Noticed a two-headed ogre
 15424 | D:11     | Killed a two-headed ogre
 15494 | D:11     | Found a staircase to the Orcish Mines.
 15568 | D:11     | Reached ** piety under Vehumet
 15568 | D:11     | Offered knowledge of Static Discharge by Vehumet.
 15569 | D:11     | Reached XP level 12. HP: 71/71 MP: 10/23
 16327 | D:11     | Noticed Erica
 16332 | D:11     | Killed Erica
 16527 | D:12     | Noticed a two-headed ogre
 16531 | D:12     | Noticed a boulder beetle
 16534 | D:12     | Killed a two-headed ogre
 16984 | D:12     | Killed a boulder beetle
 17857 | D:12     | Noticed a two-headed ogre
 17861 | D:12     | Killed a two-headed ogre
 18423 | D:13     | Reached skill level 11 in Earth Magic
 18429 | D:13     | Offered knowledge of Searing Ray by Vehumet.
 18674 | D:13     | Reached XP level 13. HP: 75/78 MP: 6/25
 18976 | D:13     | Reached *** piety under Vehumet
 19238 | D:13     | Noticed Erolcha
 19243 | D:13     | Killed Erolcha
 19302 | D:13     | Got Sif Muna's Volume of Scorching Damage Dealing
 19863 | D:13     | Offered knowledge of Fulminant Prism by Vehumet.
 19869 | D:13     | You fall into a shaft and drop 2 floors!
 19869 | D:15     | Entered Level 15 of the Dungeon
 20550 | D:14     | Found a transporter.
 20605 | D:14     | Found Musunokh's Jewellery Emporium.
 20946 | D:14     | Found Laicyid's Assorted Antiques.
 20947 | D:14     | Identified the +1 leather armour of Cimy {Will+ Int+6}
 20960 | D:14     | Bought a scroll of magic mapping for 98 gold pieces
 20982 | D:14     | Found Zalawopn's Distillery.
 20985 | D:14     | Bought 2 potions of curing for 102 gold pieces
 20985 | D:14     | Bought a potion of magic for 136 gold pieces
 20985 | D:14     | Bought a potion of haste for 170 gold pieces
 20985 | D:14     | Bought a potion of curing for 51 gold pieces
 20985 | D:14     | Bought a potion of invisibility for 136 gold pieces
 21337 | D:14     | Reached **** piety under Vehumet
 21795 | D:14     | Reached skill level 10 in Conjurations
 22193 | D:14     | Found a transporter.
 22201 | D:14     | Noticed Joow's ghost (adept GrEE)
 22480 | D:14     | Noticed a great orb of eyes
 22505 | D:14     | Killed a great orb of eyes
 22506 | D:14     | Gained mutation: Your large and strong wings let you fly.
                  | [Gargoyle growth]
 22506 | D:14     | Reached XP level 14. HP: 86/86 MP: 14/27
 22528 | D:14     | HP: 2/129 [something/lance of force (11)]
 22532 | D:14     | Slain by a deep elf knight

Illustrated notes

Levels and vault maps discovered:
D:1:      minmay_arrival_four_loops, layout_basic,
          hangedman_abyss_or_decor_lesser_grid
D:2:      layout_loops_ring, serial_forest, infiniplex_forest_straight_3,
          infiniplex_forest_straight_5, infiniplex_forest_lined_room_2,
          infiniplex_forest_clump_long, infiniplex_forest_straight_3,
          hellmonk_ecumenical_altar_crossroads
D:3:      layout_loops_ring, minmay_misc_feat_four_crosses
D:4:      layout_rooms, grunt_dithmenos_smoke,
          mainiacjoe_overflow_cross_hatched, old_standard_altar,
          minmay_temple_entry_drinking_statues
D:5:      layout_cave_pools, zin_scriptorium, nicolae_ossuary_entry_plus
D:6:      layout_gridville, kennysheep_orc_sif_temple, gammafunk_ghost_icy,
          uniq_prince_ribbit1, uniq_sigmund
D:7:      layout_basic, mainiacjoe_overflow_paths,
          mainiacjoe_overflow_boulevard, serial_shops, nicolae_stop_n_shop_2
D:8:      layout_basic, kennysheep_diamond, uniq_maggie, uniq_harold
D:9:      layout_loops_ring, kennysheep_minor_cross, roderic_lattice_a
D:10:     layout_rooms, nicolae_overflow_crystal_walls, david_lair_shrubbed,
          roderic_serpentine_path, minmay_statues_item
D:11:     layout_gridville, orc_0_dummy, hangedman_weighted_door,
          minmay_statue_bubble, uniq_erica
D:12:     layout_loops_ring
D:13:     layout_layer_cave, erik_vaults_1, special_room [special_room_orc],
          uniq_erolcha
D:14:     minmay_ambush_box, layout_stronghold, nzn_ghost_randoct,
          infiniplex_staircase_river, serial_shops, kennysheep_mini_moat,
          nicolae_lakefront_shop, shop, shop, worms_lemuel
D:15:     grunt_enter_depths_hoard, layout_basic, minmay_misc_feat_hallway,
          st_stairs_8, nicolae_elyvilon_peaceful_grove
Temple:   minmay_temple_curvy_branch

Skill      XL: |  1  2  3  4  5  6  7  8  9 10 11 12 13 |
---------------+----------------------------------------+-----
Earth Magic    | 4 5 6 7 8 9 10 11 | 11.9
Conjurations   | 1 2 3 4 5 6 7 8 9 10 | 10.1
Spellcasting   | 3 4 5 6 7 8 9 |  9.1
Fighting       | 1 2 4 5 6 7 9 |  9.1
Armour         | 1 2 3 5 6 |  6.0
Maces & Flails | 2 3 4 6 7 8 |  8.2
Dodging        | 2 3 4 5 6 7 |  7.2
Evocations     | 2 3 4 5 6 7 |  7.6
Stealth        | |  2.1
Transmutations | |  0.7

Action                   |  1- 3 |  4- 6 |  7- 9 | 10-12 | 13-15 || total
-------------------------+-------+-------+-------+-------+-------++-------
Melee: Club              |    37 |       |       |       |       ||    37
       Dagger            |    69 |   226 |       |       |       ||   295
       Flail             |       |    84 |   252 |   253 |    57 ||   646
 Cast: Sandblast         |    11 |    28 |    54 |    62 |    68 ||   223
       Stone Arrow       |       |       |    19 |   157 |   117 ||   293
       Iron Shot         |       |       |       |       |    11 ||    11
Evoke: Wand              |       |       |       |    12 |    17 ||    29
  Use: Scroll            |     4 |     4 |     8 |    14 |     3 ||    33
       Potion            |       |       |     3 |     3 |     8 ||    14
 Stab: Sleeping          |     3 |     3 |       |       |     1 ||     7
       Invisible         |       |       |       |       |     1 ||     1
Armor: Robe              |    34 |   121 |   135 |   255 |   113 ||   658
Dodge: Dodged            |    69 |   137 |   202 |   326 |   150 ||   884

Table legend: (Time is in decaauts)
 A = Elapsed time spent in this place.
 B = Non-inter-level travel time spent in this place.
 C = Inter-level travel time spent in this place.
 D = Time resting spent in this place.
 E = Time spent auto-exploring this place.
 F = Levels seen in this place.
 G = Mean time per level.
                   A        B        C        D        E       F      G
               +--------+--------+--------+--------+--------+-----+--------+
         Total |  22678 |  22216 |    462 |   2430 |  16188 |  17 | 1334.0 |
       Dungeon |  21618 |  21161 |    457 |   2388 |  15521 |  15 | 1441.2 |
        Temple |    265 |    260 |      5 |      0 |    260 |   1 |  265.0 |
       Ossuary |    793 |    793 |      0 |     42 |    407 |   1 |  793.0 |
               +--------+--------+--------+--------+--------+-----+--------+

Top non-repeatable levels by time:
     D:6: 2684 daAuts
    D:14: 2188 daAuts
    D:11: 1981 daAuts
     D:1: 1669 daAuts
    D:12: 1596 daAuts
     D:8: 1557 daAuts
    D:10: 1348 daAuts
     D:5: 1341 daAuts
    D:13: 1315 daAuts
     D:2: 1265 daAuts
     D:7: 1117 daAuts
     D:9: 1097 daAuts
     D:3: 1053 daAuts
     D:4: 923 daAuts
 Ossuary: 793 daAuts
